Unix NetHack Version 5.0.0-0 post-release - last build May 23 2026 06:08:33 (1c0ff79ee797540d5714e4e18072db0edd9e58ae,branch:main).

Game began 2026-05-29 22:55:54, ended 2026-05-29 23:55:42.

ARFwashere, chaotic male orcish Rogue

             ---------
             |.......|
             |.......|    ----
             +.....<.-#   |..
             |.......|#   |..-----
             ---------##  |..|?((|            $
                       # #|..|m@(|
                       ###|..|.@.|
                        ##|..--+-- |
                         #.........|
                         #|.-----..-
                          |.|     ..
                          ..|     ...-
                          |.-     ----         $
                          |.
                          |.
                          |.
                          |.
                          ---

ARFwashere the Rogue    St:16 Dx:18 Co:18 In:7 Wi:10 Ch:7  Chaotic
Dlvl:6  $:1096 HP:0(52) Pw:17(17) AC:-1 Xp:6 T:2190 

Latest messages:
 Your movements are now unencumbered.
 X - a red gem.
 You see here a dagger.
 v - a dagger (9 in total).
 You see here a +0 orcish short sword.
 There are several objects here.
 What do you want to adjust? [be-jloru-wyzBD-JM-RT-X or ?*] V
 Adjust letter to what [acdkmnpqstxACKLSVYZ] (? see used letters)? a
 Moving: a - a broad short sword (weapon in left hand).
 There are several objects here.
 Y - a green gem.
 You see here a lamp.
 Z - a lamp.
 What do you want to adjust? [abe-jloru-wyzBD-JM-RTUW-Z or ?*] Z
 Adjust letter to what [cdkmnpqstxACKLSVZ] (? see used letters)? l
 Swapping: l - a lamp.
 You descend the stairs.
 You hear a door open.
 You hear a door open.
 In what direction? k
 The door opens.
 You hear a door open.
 "Hello, ARFwashere!  Welcome to Izchak's lighting store!"
 In what direction? j
 The door closes.
 What do you want to use or apply? [eilJRW or ?*] k
 You don't have that object.
 What do you want to use or apply? [eilJRW or ?*] ?
 In what direction? j
 Lock it? [ynq] (q) y
 You succeed in locking the door.
 That lamp is a giant mimic!
 The giant mimic hits!
 The giant mimic hits again!
 You hit the giant mimic!
 The giant mimic hits!
 The giant mimic hits again!
 What do you want to read? [IOT or ?*] I
 As you read the scroll, it disappears.
 You feel very greedy, and sense gold!
 (For instructions type a '?')
 Done.
 The giant mimic hits!
 You die...
 Izchak gratefully inherits all your possessions.
 Do you want to see what you had when you died? [ynq] (y) y
 Do you want to see your attributes? [ynq] (y) n
 Do you want an account of creatures vanquished? [ynaq] (y) n
 Do you want to see your conduct and achievements? [ynq] (y) n
 Do you want to see the dungeon overview? [ynq] (y) n

Inventory:
 Coins    ('$')
  $ - 1096 gold pieces
 Weapons  (')')
  v - 9 +0 daggers
  U - a cursed -1 dagger
  u - a blessed +0 elven dagger
  w - a +0 elven dagger
  b - 8 +0 orcish daggers (alternate weapons; not wielded)
  a - a +0 dwarvish short sword (weapon in left hand)
 Armor    ('[')
  j - an uncursed +0 orcish helm (being worn)
  D - a blessed +0 pair of iron shoes (being worn)
  E - an uncursed +0 dwarvish roundshield (being worn)
  N - an uncursed +0 cloak of magic resistance
  z - an uncursed +0 dwarvish cloak (being worn)
  M - an uncursed +0 dwarvish mithril-coat (being worn)
 Comestibles  ('%')
  y - an uncursed slime mold
  r - an uncursed cram ration
  h - an uncursed food ration
  g - an uncursed melon
  f - an uncursed tripe ration
  H - an uncursed lichen corpse
 Scrolls  ('?')
  T - an uncursed scroll of teleportation
  O - a cursed scroll of teleportation
 Rings    ('=')
  Q - an uncursed ring of searching
  P - a cursed ring of teleportation
 Wands    ('/')
  W - a wand of cold (0:3)
 Tools    ('(')
  i - an uncursed sack containing 9 items
  e - an uncursed lock pick
  l - an uncursed magic lamp
  R - a cursed magic marker (0:21)
  J - an uncursed skeleton key
 Gems/Stones  ('*')
  Y - an uncursed emerald
  o - an uncursed fluorite stone
  F - 2 uncursed worthless pieces of blue glass
  B - 2 uncursed worthless pieces of orange glass
  X - an uncursed worthless piece of red glass
  G - 2 uncursed worthless pieces of violet glass
  Z - 2 uncursed worthless pieces of yellowish brown glass

Contents of the sack:
  an uncursed scroll of blank paper
  a blessed scroll of confuse monster
  2 uncursed scrolls of enchant weapon
  an uncursed scroll of identify
  an uncursed potion of booze
  an uncursed potion of gain energy
  an uncursed potion of gain level
  an uncursed potion of paralysis
  an uncursed potion of sickness

ARFwashere the Rogue's attributes:

Background:
 You were a Rogue, level 6 male orc.
 You were chaotic, on a mission for Kos
 who was opposed by Issek (lawful) and Mog (neutral).
 You were left-handed.
 You were in the Gnomish Mines, on level 6.
 You entered the dungeon 2190 turns ago.
 It was nighttime.
 You had 499 experience points, 141 more were needed to attain level 7.

Basics:
 You had 0 out of 52 hit points.
 You had all 17 energy points (spell power).
 Your armor class was -1.
 Your wallet contained 1096 zorkmids.
 Autopickup was on for '$' plus thrown.

Final Characteristics:
 Your strength was 16 (limit:18/50).
 Your dexterity was 18 (limit:18).
 Your constitution was 18 (limit:18).
 Your intelligence was 7 (limit:16).
 Your wisdom was 10 (limit:16).
 Your charisma was 7 (limit:16).

Final Status:
 You were held by a giant mimic (northwest).
 You weren't hungry.
 You were unencumbered.
 You were wielding a short sword.
 You had basic skill with short sword.

Final Attributes:
 You were piously aligned.
 Your items were somewhat protected from fire.
 Your items were somewhat protected from cold.
 You were poison resistant.
 You had infravision.
 You were stealthy.
 You were guarded.
 You are dead.

Miscellaneous:
 You encountered 1 bones level.
 Total elapsed playing time was 59 minutes and 42 seconds.

Major events:
 Turn
    1: ARFwashere the chaotic male orcish Rogue entered the dungeon
  907: entered the Gnomish Mines
  938: attained the rank of Cutpurse (level 3)
 1877: attained the rank of Rogue (level 6)
 2177: reached Mine Town
 2190: killed by a giant mimic

You didn't know any spells.

Skills:
 Fighting Skills
   bare handed combat [Unskilled]
   two weapon combat  [Unskilled]
   riding             [Unskilled]
 Weapon Skills
   dagger             [Basic]
   knife              [Unskilled]
   short sword        [Basic]
   broadsword         [Unskilled]
   long sword         [Unskilled]
   two-handed sword   [Unskilled]
   saber              [Unskilled]
   club               [Unskilled]
   mace               [Unskilled]
   morning star       [Unskilled]
   flail              [Unskilled]
   hammer             [Unskilled]
   polearms           [Unskilled]
   spear              [Unskilled]
   crossbow           [Unskilled]
   dart               [Unskilled]
   shuriken           [Unskilled]
 Spellcasting Skills
   divination spells  [Unskilled]
   escape spells      [Unskilled]
   matter spells      [Unskilled]

Voluntary challenges:
 Character rerolling was not enabled.
 You never genocided any monsters.
 You never polymorphed an object.
 You never changed form.
 You used no wishes.
Achievements:
 You entered a shop.
 You entered the Gnomish Mines.
 You attained the rank of Cutpurse.
 You attained the rank of Rogue.
 You entered Minetown.

 The Dungeons of Doom: levels 1 to 3
    Level 1:
    Level 2:
       A food shop.
       Stairs down to The Gnomish Mines.
    Level 3:
 The Gnomish Mines: levels 3 to 6
    Level 3:
    Level 4:
       A grave.
       Final resting place for
          Atomicjoy-Wiz-Elf-Mal-Cha, killed by a gnome lord.
    Level 5:
    Level 6: <- You were here.
       A lighting shop.
       Final resting place for
          you, killed by a giant mimic.


Vanquished creatures:
  a ghost
  a housecat
  5 gnome leaders
  3 giant ants
  a little dog
  5 dwarves
  4 rothes
 an orc zombie
  4 dwarf zombies
  2 iguanas
  4 hobbits
  2 giant rats
  a cave spider
  a yellow mold
 21 gnomes
 10 garter snakes
  a jackal
  a sewer rat
  2 grid bugs
  3 lichens
  a kobold zombie
  3 newts
77 creatures vanquished.

No species were genocided or became extinct.

Game over:
                       ----------
                      /          \
                     /    REST    \
                    /      IN      \
                   /     PEACE      \
                  /                  \
                  |    ARFwashere    |
                  |       0 Au       |
                  |   killed by a    |
                  |   giant mimic    |
                  |                  |
                  |                  |
                  |       2026       |
                 *|     *  *  *      | *
        _________)/\\_//(\/(/\)/\//\/|_)_______

Goodbye ARFwashere the Rogue...

You died in The Gnomish Mines on dungeon level 6 with 2256 points,
and 0 pieces of gold, after 2190 moves.
You were level 6 with a maximum of 52 hit points when you died.

